 Dungeon Crawl Stone Soup version 0.31-a0-728-g01b46875f1 (webtiles) character file.

Game seed: 7398154817599640533

1 subawu the Ruffian (level 1, 0/18 HPs)
             Began as a Naga Shapeshifter on Sept 11, 2023.
             Slain by a quokka (5 damage)
             ... on level 1 of the Dungeon.
             The game lasted 00:00:15 (40 turns).

subawu the Ruffian (Naga Shapeshifter)                Turns: 40, Time: 00:00:16

Health: 0/18       AC:  1    Str: 16    XL:     1   Next: 20%
Magic:  1/1        EV:  9    Int: 10    God:
Gold:   0          SH:  0    Dex: 10    Spells: 0/0 levels left

rFire   . .          .
                       - Unarmed
rCold   . . .        (no shield)
rNeg    . . .        a - +0 animal skin
rPois   +            (helmet currently unavailable)
rElec   .            (cloak currently unavailable)
rCorr   .            (gloves currently unavailable)
SInv    +            (no barding)
Will    .....        (no amulet)
Stlth   +            (no ring)
HPRegen 0.23/turn    (no ring)
MPRegen 0.07/turn

%: no passive effects
@: beast-form, very slow
A: beast (slay +1), AC +0, large, see invisible, deformed body, poison
resistance, slowness 2, spit poison 1, naga tail 1
a: Spit Poison, Begin Untransformation


You were on level 1 of the Dungeon.
You were a hulking beast.
You visited 1 branch of the dungeon, and saw 1 of its levels.

Inventory:

Armour
 a - a +0 animal skin (worn)
Talismans
 c - a beast talisman (active)
 d - a flux talisman
Potions
 b - a potion of lignification


   Skills:
 + Level 1.0 Fighting
 + Level 1.5 Dodging
 + Level 3.0 Unarmed Combat
 + Level 3.0 Shapeshifting


You couldn't memorise any spells.
You didn't know any spells.
Your spell library was empty.

Dungeon Overview and Level Annotations

Branches:
Dungeon (1/15)

Altars:


Innate Abilities, Weirdness & Mutations

You are a hulking beast.
Your limbs bulge with bestial killing power. (Slay +1)
Your serpentine skin is tough. (AC +0)
You have supernaturally acute eyesight. (SInv)
Armour fits poorly on your strangely shaped body.
Your system is resistant to poisons. (rPois)
You cover ground very slowly.
You can spit poison.
You have a snake-like lower body.


Message History

Welcome, subawu the Naga Shapeshifter.
The awesome Orb of Zot lies far below, as if waiting for you to find it.
Press ? for a list of commands and other information.
Found a staircase leading out of the dungeon.
You open the door.
There is an open door here.
You open the door.
There is an open door here.
You open the door.
Found a club.
There is an open door here.
You open the gate.
A goblin comes into view. It is wielding a +0 dagger.
Found a stone staircase leading down.
There is an open gate here.
A bat comes into view.
The goblin shouts!
A quokka comes into view.
The goblin hits you with a +0 dagger. The bat barely misses you.
The goblin hits you with a +0 dagger.
Found 10 gold pieces.
The bat barely misses you. The goblin hits you with a +0 dagger.
You hit the goblin. Your punch misses the goblin.
The goblin is severely wounded.
The bat closely misses you. The bat barely misses you.
The goblin hits you with a +0 dagger.
You hit the goblin.
You kill the goblin!
The bat hits you but does no damage. The quokka barely misses you.
You miss the quokka. The bat hits you. The quokka bites you.
* * * LOW HITPOINT WARNING * * *
You hit the quokka.
The quokka is moderately wounded.
The bat barely misses you. The quokka closely misses you.
You closely miss the quokka.
The quokka is moderately wounded.
The quokka bites you.
You die...

.# .. . #.
...###.###
...#.....###
...........#####
.......r.......#
......)h........
.....>8b..8###.
...####'''#### $
#.........#
#.........#
#.........#
#~.......≈#
#~.~...§.≈#
#~.~...≈.≈#


You could see a quokka and a bat.

Vanquished Creatures
  A goblin (D:1)
1 creature vanquished.

Notes
Turn   | Place    | Note
-------+----------+-------------------------------------------
     0 | D:1      | subawu the Naga Shapeshifter began the quest for the Orb.
     0 | D:1      | Reached XP level 1. HP: 18/18 MP: 1/1
    40 | D:1      | Slain by a quokka

Illustrated notes

Levels and vault maps discovered:
D:1:      scummos_arrival_gate, layout_rooms, minmay_split_cup_small

Action                     || total
---------------------------++-------
  Melee: Unarmed           ||     5
 Armour: Animal skin       ||     8
  Dodge: Dodged            ||     7

Table legend: (Time is in decaauts)
 A = Elapsed time spent in this place.
 B = Non-inter-level travel time spent in this place.
 C = Inter-level travel time spent in this place.
 D = Time resting spent in this place.
 E = Time spent auto-exploring this place.
 F = Levels seen in this place.
 G = Mean time per level.
                   A        B        C        D        E       F      G
               +--------+--------+--------+--------+--------+-----+--------+
         Total |     52 |     52 |      0 |      0 |     19 |   1 |   52.0 |
       Dungeon |     52 |     52 |      0 |      0 |     19 |   1 |   52.0 |
               +--------+--------+--------+--------+--------+-----+--------+

Top non-repeatable levels by time:
     D:1: 52 daAuts
